 Dungeon Crawl Stone Soup version 0.25.1-2-g60ff931df9 (webtiles) character file.

Game seed: 3963159944215732026

1376 lepoulpe303 the Spear-Bearer (level 8, -7/61 HPs)
             Began as a Merfolk Gladiator on Sept 14, 2020.
             Was a Follower of Okawaru.
             Mangled by an orc warrior
             ... wielding a +0 short sword
              (15 damage)
             ... on level 6 of the Dungeon.
             The game lasted 00:20:05 (6495 turns).

lepoulpe303 the Spear-Bearer (Merfolk Gladiator)    Turns: 6495, Time: 00:20:06

Health: -7/61      AC:  8    Str: 17    XL:     8   Next: 66%
Magic:  10/10      EV: 13    Int:  7    God:    Okawaru [*.....]
Gold:   356        SH:  0    Dex: 15    Spells: 7/7 levels left

rFire    . . .     SeeInvis .   a - +0 trident of Kindness {vorpal, rC+}
rCold    + . .     Gourm    .   (no shield)
rNeg     . . .     Faith    .   h - +0 scale mail
rPois    .         Spirit   .   c - +0 helmet
rElec    .         Reflect  .   (no cloak)
rCorr    .         Harm     .   (no gloves)
MR       .....                  (no boots)
Stlth    ..........             E - amulet of the acrobat
HPRegen  0.20/turn              (no ring)
MPRegen  0.12/turn              (no ring)

@: lethally poisoned (-7 -> -19)
A: change form in water, swift swim, stealthy swim
a: Heroism, Renounce Religion


You were on level 6 of the Dungeon.
You worshipped Okawaru.
Okawaru was aware of your devotion.
You were not hungry.

You visited 2 branches of the dungeon, and saw 7 of its levels.
You also visited: Ossuary.

You collected 356 gold pieces.

Inventory:

Hand Weapons
 a - the +0 trident of Kindness (weapon) {vorpal, rC+}
   (You found it on level 4 of the Dungeon)

   It inflicts extra damage upon your enemies.
   It protects you from cold.
 x - a +0 trident
Missiles
 d - 4 throwing nets {=f}
 p - 5 boomerangs (quivered)
 r - 8 javelins
 t - 23 poisoned darts
Armour
 b - a +0 leather armour
 c - a +0 helmet (worn)
 h - a +0 scale mail (worn)
Jewellery
 E - an amulet of the acrobat (around neck)
Wands
 u - a wand of iceblast (4)
 A - a wand of flame (25)
 C - a wand of polymorph (5)
Scrolls
 g - a scroll of fog {unknown}
 i - 2 scrolls of identify
 m - a scroll of teleportation {unknown}
 n - 3 scrolls of blinking {unknown}
 w - a scroll of remove curse
 y - a scroll of amnesia {unknown}
 z - a scroll of magic mapping {unknown}
 B - a scroll of enchant armour {unknown}
Potions
 f - 2 potions of invisibility
 j - 5 potions of lignification {!q}
 k - 2 potions of mutation {!q}
 l - 2 potions of heal wounds
 o - 2 potions of brilliance
 q - 2 potions of curing
 s - 4 potions of flight
 v - a potion of haste {unknown}
 D - 3 potions of magic
 F - a potion of degeneration {unknown}
Comestibles
 e - 8 rations


   Skills:
 + Level 4.5 Fighting
 * Level 8.7 Polearms
 + Level 4.1 Throwing
 * Level 3.6 Armour
 + Level 6.0 Dodging
 * Level 3.9 Invocations


You had 7 spell levels left.
You didn't know any spells.
Your spell library contained the following spells:

 Spells                   Type           Power        Failure   Level  Hunger
 Magic Dart               Conj           #...         83%         1    ##.....
 Blink                    Tloc           N/A          92%         2    ###....
 Call Imp                 Summ           #.......     92%         2    ###....
 Slow                     Hex            #.......     92%         2    ###....
 Conjure Flame            Conj/Fire      #.......     99%         3    ####...
 Mephitic Cloud           Conj/Pois/Air  #.......     99%         3    ####...


Dungeon Overview and Level Annotations

Branches:
Dungeon (6/15)             Temple (1/1) D:4         Ossuary (visited)

Altars:
Ashenzari
Cheibriados
Dithmenos
Elyvilon
Fedhas
Gozag
Hepliaklqana
Kikubaaqudgha
Makhleb
Nemelex Xobeh
Okawaru
Qazlal
Ru
Sif Muna
Trog
Uskayaw
Vehumet
Wu Jian
Xom
Yredelemnul
Zin
The Shining One


Message History

You feel sick.
There is a stone staircase leading up here.
You take 2 damage, and have 18/61 hp.
You feel sick. The orc wizard misses you.
The orc warrior hits you with a +0 short sword!
* * * LOW HITPOINT WARNING * * *
The orc wizard misses you.
Things that are here:
a +0 whip; a +0 leather armour You take 8 damage, and have 10/61 hp.
* * * LOW HITPOINT WARNING * * *
You feel sick.
There is a stone staircase leading up here.
You take 1 damage, and have 9/61 hp.
* * * LOW HITPOINT WARNING * * *
You feel sick.
The orc wizard casts a spell.
The orc wizard blinks!
The orc warrior hits you with a +0 short sword!
You die...

.#....####)................#
........#######............#
.#..#.#.## #.......o....#
##.....[# ##..........<.#
.##.#.#..#####.............#
.o......())..)>(...........#
.#############.#o..........#
#.#§o.........#
#.#@.........##
##############


You could see an orc warrior and 2 orc wizards.

Levels and vault maps discovered:
D:1:      matt_arrival_spirals, layout_loops_ring, hangedman_decor_opposing
D:2:      layout_basic, minmay_close_crescents
D:3:      layout_rooms
D:4:      layout_loops_ring, gammafunk_temple_overflow_elements,
          minmay_temple_entry_offerings, uniq_ijyb
D:5:      layout_loops_ring, first_ration, lightli_minifort
D:6:      layout_rooms, lightli_ossuary_entry_decrepit_ruins,
          ebering_ghost_gozag, serial_glass, glass_columns_b, glass_columns_a,
          serial_shops, nicolae_shop_stone, grunt_gozag_statues
Temple:   regret_index_temple_chain_breaker

Notes
Turn   | Place    | Note
-------+----------+-------------------------------------------
     0 | D:1      | lepoulpe303 the Merfolk Gladiator began the quest for the
                  | Orb.
     0 | D:1      | Reached XP level 1. HP: 16/16 MP: 1/1
   116 | D:1      | Identified a +0 dagger
   125 | D:1      | Identified a +0 club
   138 | D:1      | Reached XP level 2. HP: 10/22 MP: 2/2
   384 | D:1      | Identified a +0 scale mail (You found it on level 1 of the
                  | Dungeon)
   644 | D:1      | Identified a +0 short sword
   772 | D:1      | Identified a +0 club
   865 | D:1      | Identified a +0 club
   951 | D:2      | Reached skill level 5 in Polearms
   951 | D:2      | Reached XP level 3. HP: 28/28 MP: 3/3
   973 | D:2      | Identified a cursed -1 club
  1017 | D:2      | Identified a +0 dagger
  1020 | D:2      | Identified a +0 dagger
  1036 | D:2      | Reached skill level 1 in Armour
  1111 | D:2      | Identified a +0 spear
  1112 | D:2      | Identified a +0 club
  1124 | D:2      | Reached XP level 4. HP: 28/34 MP: 4/4
  1128 | D:2      | HP: 6/34 [gnoll/+0 spear (7)]
  1496 | D:2      | Identified a +0 club
  1801 | D:2      | Identified a +0 club
  1872 | D:3      | Identified a +0 dagger
  1884 | D:3      | Reached XP level 5. HP: 33/40 MP: 5/5
  1928 | D:3      | Identified a +0 club
  1945 | D:3      | Reached skill level 3 in Fighting
  1986 | D:3      | Identified a +0 dagger
  2101 | D:3      | Identified a +1 dagger of pain
  2105 | D:3      | Identified a +0 ring mail
  2105 | D:3      | Identified a +0 spear
  2105 | D:3      | Identified a +0 robe
  2107 | D:3      | Identified a +0 vorpal hand axe
  2109 | D:3      | Reached skill level 6 in Polearms
  2110 | D:3      | Identified a +0 dagger
  2110 | D:3      | Identified a +0 robe
  2124 | D:3      | Reached skill level 2 in Armour
  2145 | D:3      | Reached XP level 6. HP: 38/47 MP: 6/6
  2205 | D:3      | Identified a +0 dagger
  2205 | D:3      | Identified a +0 dagger
  2209 | D:3      | Identified a +0 short sword
  2255 | D:3      | Identified a cursed -2 dagger
  2255 | D:3      | Identified a +0 leather armour
  2550 | D:4      | Reached skill level 3 in Throwing
  2750 | D:4      | Found a staircase to the Ecumenical Temple.
  2750 | D:4      | Identified a +0 club
  2750 | D:4      | Identified a +0 scale mail
  2750 | D:4      | Noticed Ijyb
  2758 | D:4      | Killed Ijyb
  2768 | Temple   | Entered the Ecumenical Temple
  2905 | Temple   | Became a worshipper of Ru the Awakened
  3038 | D:4      | Got a transparent trident
  3039 | D:4      | Identified the cursed +0 trident of Kindness {vorpal, rC+}
                  | (You found it on level 4 of the Dungeon)
  3206 | D:4      | Found a white marble altar of Elyvilon.
  3206 | D:4      | Found an iron altar of Okawaru.
  3348 | D:4      | Fell from the grace of Ru
  3348 | D:4      | Became a worshipper of Warmaster Okawaru
  3373 | D:5      | Entered Level 5 of the Dungeon
  3373 | D:5      | Identified a +0 giant club
  3381 | D:5      | Reached skill level 5 in Dodging
  3390 | D:5      | Reached skill level 1 in Invocations
  3657 | D:5      | Identified a +0 shortbow
  3670 | D:5      | Reached skill level 7 in Polearms
  3670 | D:5      | Reached XP level 7. HP: 28/53 MP: 6/8
  3840 | D:5      | Identified a +0 dagger
  3840 | D:5      | Identified a +0 scale mail
  3840 | D:5      | Identified a +0 leather armour
  3856 | D:5      | Identified a +0 short sword
  3857 | D:5      | Identified a cursed -2 club
  3857 | D:5      | Identified a +0 leather armour
  3859 | D:5      | Identified a +0 whip
  3859 | D:5      | HP: 11/53 [orc priest/divine providence (13)]
  3869 | D:5      | HP: 8/53 [orc (3)]
  4129 | D:4      | Identified 6 scrolls of identify
  4129 | D:4      | Identified 3 potions of lignification
  4130 | D:4      | Identified 2 potions of curing
  4131 | D:4      | Identified 2 potions of brilliance
  4132 | D:4      | Identified 2 potions of heal wounds
  4133 | D:4      | Identified 4 scrolls of random uselessness
  4353 | D:5      | Identified a +0 spear
  4353 | D:5      | Identified a +0 scale mail
  4353 | D:5      | Identified a +0 halberd
  4353 | D:5      | Identified a +0 whip
  4354 | D:5      | Identified a +0 flail
  4375 | D:5      | Reached skill level 2 in Invocations
  4678 | D:5      | Identified a +0 dagger
  4678 | D:5      | Identified a +0 robe
  4678 | D:5      | Identified a +0 hand axe
  4678 | D:5      | Identified a +0 war axe
  4678 | D:5      | Identified a +0 chain mail
  4678 | D:5      | Identified an uncursed amulet of the acrobat
  4678 | D:5      | Identified a +0 dagger
  4679 | D:5      | Identified a +2 short sword of venom
  4679 | D:5      | Identified a +0 ring mail
  4786 | D:5      | Identified a +0 club
  4786 | D:5      | Identified a +0 scale mail
  4966 | D:5      | Identified a +0 dagger
  4966 | D:5      | Identified a +0 ring mail
  4966 | D:5      | Identified a cursed +0 hand axe
  4974 | D:5      | Reached * piety under Okawaru
  5068 | D:5      | Reached skill level 3 in Armour
  5305 | D:6      | Identified 2 scrolls of remove curse
  5325 | D:6      | Identified a +0 hand axe
  5326 | D:6      | Reached skill level 4 in Fighting
  5388 | D:6      | Found a sand-covered staircase.
  5403 | Ossuary  | Entered an ossuary
  5503 | Ossuary  | Reached XP level 8. HP: 60/60 MP: 10/10
  5684 | Ossuary  | Reached skill level 8 in Polearms
  5684 | Ossuary  | Reached skill level 3 in Invocations
  6068 | Ossuary  | Identified 4 potions of flight
  6069 | Ossuary  | Identified 3 potions of magic
  6070 | Ossuary  | Identified 2 potions of mutation
  6071 | Ossuary  | Identified 2 potions of invisibility
  6153 | D:6      | Identified a +0 giant club
  6188 | D:6      | Reached skill level 4 in Throwing
  6268 | D:6      | Identified a +0 spear
  6268 | D:6      | Identified a +0 scale mail
  6270 | D:6      | Identified a +0 whip
  6279 | D:6      | Identified a +0 spear
  6280 | D:6      | Reached skill level 6 in Dodging
  6298 | D:6      | Identified a +0 whip
  6298 | D:6      | Identified a +0 leather armour
  6299 | D:6      | Identified a cursed -1 dagger
  6299 | D:6      | Identified a +0 robe
  6299 | D:6      | Identified a +0 short sword
  6299 | D:6      | Identified a +0 chain mail
  6472 | D:6      | Identified a +0 hand axe
  6474 | D:6      | Identified a +0 dagger of venom
  6474 | D:6      | Identified a +0 leather armour
  6493 | D:6      | HP: 10/61 [orc warrior/+0 short sword (7)]
  6495 | D:6      | Mangled by an orc warrior

Table legend:
 A = Turns spent in this place as a percentage of turns spent in the entire game.
 B = Non-inter-level travel turns spent in this place as a percentage of non-inter-level travel turns spent in the entire game.
 C = Inter-level travel turns spent in this place as a percentage of turns spent in this place.
 D = Turns resting spent in this place as a percentage of non-inter-level travel turns spent in this place.
 E = Turns spent auto-exploring this place as a percentage of non-inter-level travel turns spent in this place.
 F = Non-inter-level travel turns spent in this place divided by the number of levels of this place that you've seen.
                   A       B       C       D       E      F
               +-------+-------+-------+-------+-------+----------------------
         Total | 100.0 | 100.0 |   3.0 |  28.0 |  47.2 | 787.6
       Dungeon |  87.3 |  87.0 |   3.3 |  29.2 |  51.2 | 913.7
        Temple |   2.3 |   2.2 |   6.1 |   0.0 |  90.6 | 139.0
       Ossuary |  10.5 |  10.8 |   0.0 |  24.1 |   6.3 | 680.0
               +-------+-------+-------+-------+-------+----------------------

Table legend:
 A = Kills in this place as a percentage of kills in entire the game.
 B = Kills by you in this place as a percentage of kills by you in the entire game.
 C = Kills by friends in this place as a percentage of kills by friends in the entire game.
 D = Other kills in this place as a percentage of other kills in the entire game.
 E = Experience gained in this place as a percentage of experience gained in the entire game.
 F = Experience gained in this place divided by the number of levels of this place that you have seen.
                   A       B       C       D       E      F
               +-------+-------+-------+-------+-------+----------------------
         Total | 100.0 | 100.0 |   N/A |   N/A | 100.0 | 245.8
       Dungeon |  76.4 |  76.4 |   N/A |   N/A |  84.8 | 278.0
       Ossuary |  23.6 |  23.6 |   N/A |   N/A |  15.2 | 298.0
               +-------+-------+-------+-------+-------+----------------------

Skill      XL: |  1  2  3  4  5  6  7  8 |
---------------+-------------------------+-----
Polearms       | 5 6 7 8 |  8.7
Armour         | 1 2 3 |  3.6
Fighting       | 3 4 |  4.5
Throwing       | 3 4 |  4.1
Dodging        | 5 6 |  6.0
Invocations    | 1 2 3 |  3.9

Action                   |  1- 3 |  4- 6 |  7- 9 || total
-------------------------+-------+-------+-------++-------
Melee: Trident           |    91 |   194 |   355 ||   640
Throw: Javelin           |       |     9 |       ||     9
       Boomerang         |       |       |     6 ||     6
Invok: Heroism           |       |       |     1 ||     1
  Use: Scroll            |       |       |    13 ||    13
 Stab: Sleeping          |     1 |       |       ||     1
       Distracted        |       |     1 |       ||     1
  Eat: Chunk             |     1 |     3 |       ||     4
       Ration            |       |     2 |     3 ||     5
Armor: Leather armour    |    10 |       |       ||    10
       Scale mail        |    26 |    64 |   130 ||   220
Dodge: Dodged            |    43 |    82 |   205 ||   330

Vanquished Creatures
  An ice beast (D:6)
  2 ogres
  A centaur (D:5)
  An elf zombie (Ossuary)
  2 gnoll sergeants
  A crimson imp (D:6)
  2 centaur zombies
  3 orc wizards
  A jelly (D:6)
  A human zombie (Ossuary)
  3 orc priests (D:5)
  2 iguanas
  Ijyb (D:4)
  A worker ant (D:6)
  A big kobold zombie (Ossuary)
  2 mummies (Ossuary)
  A worker ant zombie (D:5)
  10 adders
  11 gnolls
  2 oozes (D:2)
  4 adder zombies (Ossuary)
  4 worms
  3 dart slugs
  4 leopard geckos
  16 orcs
  5 giant cockroaches
  12 goblins
  7 hobgoblins
  9 jackals
  2 quokkas
  6 bats
  7 frilled lizards
  A goblin zombie (Ossuary)
  12 hobgoblin zombies (Ossuary)
  A jackal zombie (Ossuary)
  2 kobolds
  6 kobold zombies (Ossuary)
  A leopard gecko skeleton (D:4)
  8 orc zombies (Ossuary)
  5 rats
  A rat zombie (Ossuary)
165 creatures vanquished.
